AoeStats
← Your Mom

Nomad

505414787Analyzed
4v4 RM · 24d ago on Sep 9, 2026· 49m 6s· 8 players
Game mode
Random Map
Map size
231×231
Population
200
Speed
Normal
Resources
Standard
Victory
Conquest
Starting age
Dark Age
Ending age
Imperial Age
RankedLock teamsTeams togetherTeam positionsShared explorationLock speedFull tech treeHidden civsTurbo modeCheats
Victory
Defeat
🇺🇸 Japanese · United States
860
+12
🇬🇧 Vietnamese · United Kingdom
857
+12
🇩🇪 Franks · Germany
835
+13
🇲🇽 Khmer · Mexico
832
+13
🇨🇳 Hindustanis · China
820
-15
🇩🇰 Hindustanis · Denmark
806
-14
🇹🇷 Portuguese · Türkiye
735
-11
🇷🇴 Persians · Romania
714
-10
CostaldePapas
7:50 Loom
15:49 Feudal Age
22:43 Castle Age
25:41 Double-Bit Axe
27:54 Wheelbarrow
27:34 Bow Saw
29:23 Town Watch
30:49 Hand Cart
30:22 Horse Collar
31:05 Town Patrol
31:53 Heavy Plow
32:02 Gold Mining
32:02 Stone Mining
36:22 Stone Shaft Mining
36:23 Gold Shaft Mining
40:07 Imperial Age
38:47 Forging
38:42 Scale Barding Armor
40:20 Tusk Swords
40:59 Iron Casting
40:45 Chain Barding Armor
42:48 Blast Furnace
42:16 Conscription
41:37 Elite Battle Elephant
42:19 Husbandry
42:32 Bloodlines
46:14 Caravan
DAFirefox
12:40 Loom
14:29 Feudal Age
20:46 Castle Age
21:13 Stone Mining
22:13 Man-at-Arms
22:56 Squires
22:42 Arson
23:48 Town Watch
24:04 Double-Bit Axe
24:15 Gold Mining
25:25 Fletching
25:46 Forging
26:49 Wheelbarrow
25:56 Horse Collar
26:54 Bodkin Arrow
27:05 Fishing Lines
28:54 Iron Casting
32:14 Scale Mail Armor
33:52 Chain Mail Armor
37:46 Imperial Age
36:25 Gold Shaft Mining
37:41 Bow Saw
38:32 Hand Cart
39:19 Parthian Tactics
40:45 Kataparuto
40:50 Conscription
40:51 Kataparuto
44:53 Elite Samurai
45:55 Kataparuto
44:56 Elite Samurai
Mikepig
16:01 Feudal Age
16:34 Double-Bit Axe
16:40 Fishing Lines
17:31 Horse Collar
18:33 Gold Mining
21:58 Fletching
22:08 Padded Archer Armor
26:37 Castle Age
25:05 Scale Barding Armor
27:52 Bow Saw
28:06 Medium Warships
27:47 Gillnets
28:33 Crossbowman
29:23 Thumb Ring
30:19 Bodkin Arrow
33:20 Wheelbarrow
34:15 Leather Archer Armor
34:24 Hand Cart
33:55 Town Watch
35:41 Forging
36:01 Chain Barding Armor
35:06 Elite Skirmisher
36:28 Ballistics
35:49 Treadmill Crane
40:18 Heated Shot
40:28 Stone Mining
41:31 Town Patrol
42:04 Light Cavalry
42:54 Bloodlines
42:45 Husbandry
46:49 Heavy Plow
Your Mom
7:58 Loom
14:15 Feudal Age
14:56 Double-Bit Axe
19:27 Scale Barding Armor
19:53 Forging
22:58 Man-at-Arms
23:40 Gold Mining
27:09 Wheelbarrow
30:27 Scale Mail Armor
30:34 Stone Mining
37:15 Castle Age
36:03 Fletching
38:22 Hand Cart
39:31 Gold Shaft Mining
40:47 Bow Saw
42:54 Husbandry
47:27 Iron Casting
The Priest1783
4:45 Loom
15:09 Feudal Age
16:39 Double-Bit Axe
20:27 Castle Age
18:21 Fishing Lines
21:47 Wheelbarrow
20:58 Town Watch
21:29 Bow Saw
21:12 Gillnets
22:29 Husbandry
22:53 Gold Mining
22:54 Stone Mining
24:38 Bloodlines
25:44 Scale Barding Armor
30:36 Horse Collar
31:40 Grand Trunk Road
33:52 Chain Barding Armor
35:02 Forging
35:55 Medium Warships
40:22 Imperial Age
39:07 Fletching
41:35 Iron Casting
42:56 Conscription
43:56 Heavy Warships
43:42 Bodkin Arrow
45:18 Careening
45:29 Ballistics
46:10 Chemistry
45:17 Heavy Camel Rider
47:11 Plate Barding Armor
47:39 Blast Furnace
47:39 Plate Barding Armor
RAPTOR
13:23 Feudal Age
15:48 Double-Bit Axe
17:41 Wheelbarrow
37:40 Castle Age
45:02 Pikeman
LASTKAGE
5:10 Loom
15:59 Feudal Age
16:28 Double-Bit Axe
17:19 Wheelbarrow
20:15 Gold Mining
24:30 Castle Age
22:22 Fishing Lines
24:30 Town Watch
25:29 Gillnets
26:23 Medium Warships
32:01 Bow Saw
37:05 Hand Cart
48:17 Circumnavigation
49:07 Stone Mining
fjk
14:48 Feudal Age
16:13 Wheelbarrow
15:40 Double-Bit Axe
15:46 Fishing Lines
17:20 Gold Mining
19:16 Stone Mining
19:44 Horse Collar
23:57 Castle Age
25:45 Hand Cart
26:14 Stone Shaft Mining
26:52 Loom
27:42 Gillnets
28:35 Town Watch
29:09 Murder Holes
32:01 Imperial Age
30:01 Masonry
30:43 Fletching
30:59 Scale Barding Armor
31:09 Forging
32:19 Grand Trunk Road
33:11 Gold Shaft Mining
32:55 Bow Saw
32:56 Heavy Plow
33:15 Siege Engineers
36:37 Scale Mail Armor
37:57 Hoardings
37:53 Squires
39:23 Bloodlines
40:43 Chemistry
41:38 Ballistics
45:19 Scale Barding Armor
47:01 Conscription
Connection lost

Rejoining the realm…

Still unreachable

The connection could not be restored.

Session expired

The server has moved on; the page needs a fresh start.